 Dungeon Sprint DCSS version 0.22-a0-425-g89d60a1 (webtiles) character file.

158 jerryfan the Changer (level 5, 0/46 HPs)
             Began as a Gnoll Wanderer on May 24, 2018.
             Slain by an ice beast (5 damage)
             ... summoned by a deep elf mage
             ... in the Dungeon (Sprint III: "The Ten Rune Challenge").
             The game lasted 00:03:30 (580 turns).

jerryfan the Changer (Gnoll Wanderer)                Turns: 580, Time: 00:03:31

Health: 0/46       AC:  2    Str: 16    XL:     5   Next: 39%
Magic:  11/11      EV: 14    Int: 13    God:
Gold:   20         SH:  0    Dex: 15    Spells: 13/13 levels left

rFire    . . .     SeeInvis .   a - +2 mace
rCold    . . .     Gourm    .   (no shield)
rNeg     . . .     Faith    .   e - +0 robe
rPois    .         Spirit   .   (no helmet)
rElec    .         Reflect  .   (no cloak)
rCorr    .         Harm     .   (no gloves)
MR       .....     NoTele   +   (no boots)
Stlth    +++.......             (no amulet)
HPRegen  0.15/turn              (no ring)
MPRegen  0.12/turn              (no ring)

@: no status effects
A: distributed training, fangs 1, strong nose
a: no special abilities


You were in the Dungeon.
You were not hungry.

You visited 1 branch You collected 20 gold pieces.

Inventory:

Hand Weapons
 a - a +2 mace (weapon)
 b - a +0 hand crossbow
Missiles
 c - 27 bolts
Armour
 e - a +0 robe (worn)
Scrolls
 d - a scroll of teleportation
 l - 2 scrolls of blinking
 n - 2 scrolls of identify
 o - 3 scrolls of remove curse
 q - a scroll of torment
 s - a scroll of holy word {unknown}
Potions
 g - a potion of curing
 i - a potion of haste
 j - 2 potions of magic
 p - 4 potions of mutation
 r - 3 potions of flight
Comestibles
 f - 3 rations


   Skills:
 + Level 5.8 Fighting
 + Level 3.4 Short Blades
 + Level 3.4 Long Blades
 + Level 3.4 Axes
 + Level 4.3 Maces & Flails
 + Level 3.4 Polearms
 + Level 3.4 Staves
 + Level 3.4 Slings
 + Level 3.4 Bows
 + Level 3.4 Crossbows
 + Level 3.4 Throwing
 + Level 3.4 Armour
 + Level 3.4 Dodging
 + Level 4.2 Stealth
 + Level 3.4 Shields
 + Level 3.4 Unarmed Combat
 + Level 4.5 Spellcasting
 + Level 2.8 Conjurations
 + Level 2.8 Hexes
 + Level 2.8 Charms
 + Level 2.8 Summonings
 + Level 3.6 Necromancy
 + Level 2.8 Translocations
 + Level 6.2 Transmutations
 + Level 2.8 Fire Magic
 + Level 2.8 Ice Magic
 + Level 2.8 Air Magic
 + Level 2.8 Earth Magic
 + Level 2.8 Poison Magic
 + Level 3.8 Invocations
 + Level 4.3 Evocations


You had 13 spell levels left.
You didn't know any spells.
Your spell library was empty.

Dungeon Overview and Level Annotations

Branches:
Dungeon (1/1)

Altars:
Elyvilon
Zin
The Shining One


Innate Abilities, Weirdness & Mutations

Your experience applies equally to all skills.
You have very sharp teeth.
Your uncanny sense of smell can sniff out nearby items.


Message History

The deep elf mage is heavily wounded.
The deep elf mage barely misses you.
You sock the deep elf mage!
The deep elf mage is severely wounded.
The deep elf mage gestures wildly while chanting.
You closely miss the deep elf mage.
The deep elf mage is severely wounded.
The deep elf mage hits you but does no damage.
The ice beast hits you but does no damage.
You barely miss the deep elf mage.
The deep elf mage is severely wounded.
The deep elf mage hits you with a long sword of holy wrath!
The ice beast hits you. The ice beast freezes you!
* * * LOW HITPOINT WARNING * * *
You hit the deep elf mage.
The deep elf mage is severely wounded.
The ice beast hits you.
* * * LOW HITPOINT WARNING * * *
The ice beast freezes you.
You die...

▓▓▓▓▓▓▓▓▓ ▓▓▓ ..'...♣.♣♣
♣.##### ..#....♣.♣
♣.#__Y# ∆ ###.....♣♣
♣.#e@.# ∆ ∆ ..#....≈♣
♣♣♣.###'#+###+#
..#...≈≈♣♣♣...#..........
..#..≈≈≈≈♣♣.♣.'.⌠........
#'#..≈≈≈≈≈≈.♣.#...######+
.)#.≈≈≈≈≈≈....#.⌠.#
..#.≈≈≈≈≈.....#...#∆
..#.≈≈≈.......#+###
###...........# ∆∆ ∆


You could see a deep elf mage and an ice beast.

Vanquished Creatures
  A water elemental (D)
  A scorpion (D)
  Jessica (D)
  A human (D)
  3 rats (D)
7 creatures vanquished.

Vanquished Creatures (others)
  2 draconian scorchers (D)
  6 hellions (D)
  A yaktaur (D)
  2 plants (D)
11 creatures vanquished.

Grand Total: 18 creatures vanquished

Notes
Turn   | Place    | Note
-------+----------+-------------------------------------------
     0 | D        | jerryfan the Gnoll Wanderer began the quest for the Orb.
     0 | D        | jerryfan set off with: a +2 mace, a +0 hand crossbow, 27 bolts, a scroll of teleportation, a +0 robe, a ration, a potion of curing, a potion of heal wounds, a potion of haste, 2 potions of magic, a potion of berserk rage, a scroll of blinking
     0 | D        | Reached XP level 1. HP: 20/20 MP: 4/4
    23 | D        | Noticed Jessica
    27 | D        | Killed Jessica
    27 | D        | Reached skill level 1 in Short Blades
    27 | D        | Reached skill level 1 in Long Blades
    27 | D        | Reached skill level 1 in Axes
    27 | D        | Reached skill level 1 in Polearms
    27 | D        | Reached skill level 1 in Staves
    27 | D        | Reached skill level 1 in Slings
    27 | D        | Reached skill level 1 in Bows
    27 | D        | Reached skill level 1 in Crossbows
    27 | D        | Reached skill level 1 in Throwing
    27 | D        | Reached skill level 1 in Armour
    27 | D        | Reached skill level 1 in Dodging
    27 | D        | Reached skill level 1 in Shields
    27 | D        | Reached skill level 1 in Unarmed Combat
    27 | D        | Reached skill level 1 in Conjurations
    27 | D        | Reached skill level 1 in Hexes
    27 | D        | Reached skill level 1 in Charms
    27 | D        | Reached skill level 1 in Summonings
    27 | D        | Reached skill level 1 in Translocations
    27 | D        | Reached skill level 1 in Fire Magic
    27 | D        | Reached skill level 1 in Ice Magic
    27 | D        | Reached skill level 1 in Air Magic
    27 | D        | Reached skill level 1 in Earth Magic
    27 | D        | Reached skill level 1 in Poison Magic
    27 | D        | Reached XP level 2. HP: 25/26 MP: 6/6
    27 | D        | Reached XP level 3. HP: 31/32 MP: 7/7
    67 | D        | Reached skill level 5 in Fighting
    77 | D        | Killed a hellion
    79 | D        | Killed a hellion
    88 | D        | Killed a hellion
   123 | D        | Killed a hellion
   124 | D        | Killed a hellion
   170 | D        | Killed a white draconian scorcher
   174 | D        | Killed a hellion
   205 | D        | Noticed a scorpion
   243 | D        | Killed a scorpion
   243 | D        | Reached skill level 6 in Transmutations
   243 | D        | Reached XP level 4. HP: 39/39 MP: 10/10
   262 | D        | Killed a yaktaur
   285 | D        | Noticed a water elemental
   294 | D        | Killed a white draconian scorcher
   302 | D        | Killed a water elemental
   302 | D        | Reached XP level 5. HP: 9/46 MP: 11/11
   569 | D        | Found a glowing silver altar of Zin.
   569 | D        | Found a glowing golden altar of the Shining One.
   569 | D        | Found a white marble altar of Elyvilon.
   570 | D        | Noticed a deep elf mage
   578 | D        | Noticed an ice beast
   580 | D        | Slain by an ice beast

Vault maps used:
D:        dungeon_sprint_mu

Skill      XL: |  1  2  3  4 |
---------------+-------------+-----
Necromancy     | 2 3 |  3.6
Short Blades   | 1 2 3 |  3.4
Long Blades    | 1 2 3 |  3.4
Axes           | 1 2 3 |  3.4
Maces & Flails | 3 4 |  4.3
Polearms       | 1 2 3 |  3.4
Staves         | 1 2 3 |  3.4
Slings         | 1 2 3 |  3.4
Bows           | 1 2 3 |  3.4
Crossbows      | 1 2 3 |  3.4
Throwing       | 1 2 3 |  3.4
Armour         | 1 2 3 |  3.4
Dodging        | 1 2 3 |  3.4
Shields        | 1 2 3 |  3.4
Unarmed Combat | 1 2 3 |  3.4
Spellcasting   | 3 4 |  4.5
Conjurations   | 1 2 |  2.8
Hexes          | 1 2 |  2.8
Charms         | 1 2 |  2.8
Summonings     | 1 2 |  2.8
Translocations | 1 2 |  2.8
Fire Magic     | 1 2 |  2.8
Ice Magic      | 1 2 |  2.8
Air Magic      | 1 2 |  2.8
Earth Magic    | 1 2 |  2.8
Poison Magic   | 1 2 |  2.8
Invocations    | 2 3 |  3.8
Evocations     | 3 4 |  4.3
Stealth        | 3 4 |  4.2
Fighting       | 5 |  5.8
Transmutations | 6 |  6.2

Action                   |  1- 3 |  4- 6 || total
-------------------------+-------+-------++-------
Melee: Mace              |    18 |    18 ||    36
       Bite              |     3 |     5 ||     8
 Fire: Hand crossbow     |     6 |       ||     6
  Use: Potion            |     1 |     3 ||     4
       Scroll            |       |     1 ||     1
 Stab: Sleeping          |     1 |     1 ||     2
Armor: Robe              |     1 |     2 ||     3
Dodge: Dodged            |    14 |     8 ||    22

Table legend:
 A = Spawn XP
 B = Non-spawn XP
 C = Spawn XP percentage of total XP
 D = Spawn monster count
 E = Non-spawn monster count
 F = Spawn count percentage of total count
 G = Total turns spent on level
                    A         B        C        D         E        F      G
               +---------+---------+-------+---------+---------+-------+---------
         Total |       0 |     226 |   0.0 |       0 |       7 |   0.0 |   580
               +---------+---------+-------+---------+---------+-------+---------
             D |       0 |     226 |   0.0 |       0 |       7 |   0.0 |   580
               +---------+---------+-------+---------+---------+-------+---------
